[Event "Titled Tuesday Blitz September 28 2021"]
[White "Urazayev, Arystanbek"]
[Black "Vlachos, Anatole"]
[WhiteFideId "13709810"]
[BlackFideId "26093189"]
[WhiteElo "2321"]
[BlackElo "2350"]
[Result "1/2-1/2"]
[Round "10"]
[TimeControl "180+1"]
[Date "2021.09.28"]
[WhiteClock "0:00:40"]
[BlackClock "0:00:02"]

1. e4 e5 2. Nf3 Nc6 3. Bb5 Nf6 4. d3 d6 5. O-O g6 6. c3 Bg7 7. Re1 O-O 8. Nbd2 Kh8 9. Nf1 Nh5 10. Ng3 Nf4 11. d4 Qe7 12. a4 Bd7 13. Bxf4 exf4 14. Nf1 Rae8 15. e5 dxe5 16. Bxc6 Bxc6 17. Nxe5 Qd6 18. Nxc6 Qxc6 19. Qb3 f3 20. g3 Re2 21. Rxe2 fxe2 22. Ne3 Bh6 23. Ng2 Kg7 24. f4 Re8 25. Re1 Qf3 26. Qc4 Re7 27. Nh4 Qe3+ 28. Kg2 Bxf4 29. gxf4 Qxf4 30. Nf3 Re3 31. Ng1 Qe4+ 32. Kf2 Qf4+ 33. Kg2 Qg4+ 34. Kf2 Qf4+ 35. Kg2 1/2-1/2


[Site "https://www.chess.com"]

[Event "Titled Tuesday Blitz September 28 2021"]
[White "Valdes Romero, Leonardo"]
[Black "Pastar, Slaven"]
[WhiteFideId "6500331"]
[BlackFideId "14402718"]
[WhiteElo "2497"]
[BlackElo "2150"]
[Result "1-0"]
[Round "10"]
[TimeControl "180+1"]
[Date "2021.09.28"]
[WhiteClock "0:00:49"]
[BlackClock "0:00:04"]

1. Nf3 b6 2. d3 Bb7 3. g3 g6 4. Bg2 Bg7 5. O-O Nf6 6. Nbd2 O-O 7. e4 d6 8. Re1 e5 9. a4 Nc6 10. Nc4 a6 11. h3 b5 12. Ne3 Nd4 13. Nxd4 exd4 14. Nd5 Nxd5 15. exd5 bxa4 16. Rxa4 Qd7 17. b3 Qb5 18. Bd2 a5 19. Qf3 Qc5 20. Rc1 Rfe8 21. Rc4 Qb6 22. Ra1 Re5 23. Bf4 Rxd5 24. Rca4 Bc6 25. R4a2 Rc5 26. Qd1 Bxg2 27. Kxg2 Qc6+ 28. Kg1 Qd7 29. b4 Rh5 30. h4 a4 31. Bg5 h6 32. g4 Rxg5 33. hxg5 hxg5 34. Qf3 d5 35. Kg2 Be5 36. Re1 f6 37. Rh1 Rf8 38. Rh6 Rf7 39. Rxg6+ Kf8 40. Qf5 Qc6 41. Qc8+ Ke7 42. Rg8 Qd7 43. Qxd7+ Kxd7 44. Rxa4 Rh7 45. Ra1 Rh4 46. Kf3 Rh3+ 47. Ke2 Rh4 48. Rg1 Rh2 49. b5 Kd6 50. Kf3 Rh3+ 51. Ke2 Rh2 52. Rd8+ Kc5 53. Kf3 Rh3+ 54. Ke2 Rh2 55. Ra1 Bf4 56. Ra6 Bg3 57. Rc6+ Kxb5 58. Rxf6 Rxf2+ 59. Rxf2 Bxf2 60. Kxf2 Kb4 61. Rxd5 Kc3 62. Ke2 1-0


[Site "https://www.chess.com"]

[Event "Titled Tuesday Blitz September 28 2021"]
[White "Visakh N R"]
[Black "Maltsevskaya, Aleksandra"]
[WhiteFideId "25012223"]
[BlackFideId "24174041"]
[WhiteElo "2454"]
[BlackElo "2239"]
[Result "1-0"]
[Round "10"]
[TimeControl "180+1"]
[Date "2021.09.28"]
[WhiteClock "0:02:10"]
[BlackClock "0:00:05"]

1. d4 Nf6 2. c4 g6 3. Nc3 Bg7 4. e4 d6 5. f3 O-O 6. Be3 a6 7. Qd2 Nbd7 8. Nh3 b5 9. cxb5 axb5 10. Bxb5 Nb6 11. Nf2 Ba6 12. Bxa6 Rxa6 13. b3 Qa8 14. O-O Rb8 15. d5 c5 16. dxc6 Qxc6 17. Rac1 Qa8 18. a4 Nbd7 19. Nb5 Rc6 20. Rxc6 Qxc6 21. Rc1 Qa6 22. Qc2 h5 23. Nd3 h4 24. Nb4 Qa5 25. Nc6 Qa8 26. Nxb8 Nxb8 27. Qc8+ Kh7 28. Ba7 Nfd7 29. Rc7 d5 30. Qb7 Qxb7 31. Rxb7 Be5 32. Bxb8 Nxb8 33. Rxe7 Nc6 34. Rxe5 Nxe5 35. exd5 1-0


[Site "https://www.chess.com"]

[Event "Titled Tuesday Blitz September 28 2021"]
[White "Vovk, Orest"]
[Black "Thejkumar, M. S."]
[WhiteFideId "14113490"]
[BlackFideId "5009154"]
[WhiteElo "2203"]
[BlackElo "2312"]
[Result "1-0"]
[Round "10"]
[TimeControl "180+1"]
[Date "2021.09.28"]
[WhiteClock "0:00:19"]
[BlackClock "0:00:57"]

1. d4 d5 2. Nf3 Nc6 3. Bf4 Bg4 4. e3 e6 5. Be2 Bd6 6. Bxd6 Qxd6 7. O-O Nf6 8. Nfd2 h5 9. h3 Bxe2 10. Qxe2 O-O-O 11. c4 g5 12. c5 Qe7 13. Nc3 e5 14. Qd3 e4 15. Qe2 h4 16. b4 Qe6 17. f3 Nxb4 18. fxe4 Nxe4 19. Ndxe4 dxe4 20. Qb5 Nd5 21. Nxd5 Rxd5 22. Rab1 b6 23. Qa6+ Kb8 24. Rxf7 Rc8 25. Re7 Qc6 26. Rc1 g4 27. Re6 Qb7 28. Qxb7+ Kxb7 29. c6+ Ka6 30. hxg4 Rg8 31. Rxe4 Rdg5 32. Kf2 Rxg4 33. Rxg4 Rxg4 34. d5 Rg6 35. e4 b5 36. e5 Kb6 37. d6 Rg8 38. d7 a5 39. e6 1-0


[Site "https://www.chess.com"]

[Event "Titled Tuesday Blitz September 28 2021"]
[White "Vusatiuk, Vladimir"]
[Black "Yakubbaeva, Nilufar"]
[WhiteFideId "14118610"]
[BlackFideId "14204487"]
[WhiteElo "2167"]
[BlackElo "1706"]
[Result "1/2-1/2"]
[Round "10"]
[TimeControl "180+1"]
[Date "2021.09.28"]
[WhiteClock "0:00:03"]
[BlackClock "0:00:04"]

1. d4 Nf6 2. c4 e6 3. Nc3 Bb4 4. e3 c5 5. Nf3 O-O 6. Bd3 cxd4 7. exd4 d5 8. O-O dxc4 9. Bxc4 b6 10. Qb3 Nc6 11. Bb5 Nxd4 12. Nxd4 Qxd4 13. Be3 Qh4 14. Bc6 Bxc3 15. Bxa8 Ba6 16. g3 Qg4 17. f3 Qf5 18. Qxc3 Rxa8 19. Rf2 Rd8 20. Rc1 Nd5 21. Qa3 Qd3 22. Qxd3 Bxd3 23. Bg5 f6 24. Bd2 Kf7 25. Bc3 Rc8 26. Rd1 Bb5 27. Bd4 h5 28. Kg2 e5 29. Bxb6 Nxb6 30. b3 Rc7 31. a4 Be8 32. Rfd2 Rc3 33. Rd3 Rxd3 34. Rxd3 Ke6 35. f4 Nd5 36. f5+ Kd6 37. Kf3 Kc5 38. Rd1 Bc6 39. Kf2 e4 40. h3 e3+ 41. Ke1 Nc3 42. Rd3 Kb4 43. Rxe3 Kxb3 44. Re7 Kxa4 45. Rxa7+ Kb4 46. Rxg7 Bg2 47. h4 Bf3 48. Kf2 Bg4 49. Rd7 Ne4+ 50. Ke3 Nxg3 51. Rd6 Nxf5+ 52. Kf4 Nxh4 53. Rxf6 Kc5 54. Kg3 Nf5+ 55. Kf4 Nd4 56. Rh6 Kd5 57. Kg5 Ke5 58. Rxh5 Bxh5 59. Kxh5 1/2-1/2


[Site "https://www.chess.com"]

[Event "Titled Tuesday Blitz September 28 2021"]
[White "Wadsworth, Matthew J"]
[Black "Jobava, Baadur"]
[WhiteFideId "415804"]
[BlackFideId "13601520"]
[WhiteElo "2293"]
[BlackElo "2731"]
[Result "0-1"]
[Round "10"]
[TimeControl "180+1"]
[Date "2021.09.28"]
[WhiteClock "0:00:03"]
[BlackClock "0:00:22"]

1. c4 c6 2. g3 d5 3. Nf3 Nf6 4. Bg2 Bf5 5. cxd5 cxd5 6. Qb3 Nbd7 7. O-O e6 8. d3 Nc5 9. Qd1 Be7 10. Nc3 O-O 11. Bf4 h6 12. Rc1 Rc8 13. b4 Ncd7 14. a3 a5 15. Qb3 axb4 16. axb4 Qb6 17. Na2 d4 18. Ne5 Nxe5 19. Bxe5 Nd7 20. Bf4 e5 21. Bd2 Be6 22. Qb2 Ra8 23. Ra1 Nc5 24. Nc1 Na4 25. Qb1 Nc3 26. Bxc3 dxc3 27. Rxa8 Rxa8 28. b5 Ba3 29. Qa1 Qc7 30. e3 Ra5 31. Ne2 Bb2 32. Qd1 Rxb5 33. d4 Bb3 34. Qd3 Qc4 35. Be4 g6 36. dxe5 Rxe5 37. Nd4 Kg7 38. Re1 b5 39. Qxc4 Bxc4 40. Bc2 b4 41. f4 Rd5 42. Kf2 Rxd4 43. exd4 b3 44. Be4 c2 0-1


[Site "https://www.chess.com"]

[Event "Titled Tuesday Blitz September 28 2021"]
[White "Wagner, Dennis"]
[Black "Bazarov, Konstantin"]
[WhiteFideId "24650684"]
[BlackFideId "4137000"]
[WhiteElo "2355"]
[BlackElo "2035"]
[Result "1-0"]
[Round "10"]
[TimeControl "180+1"]
[Date "2021.09.28"]
[WhiteClock "0:00:23"]
[BlackClock "0:00:13"]

1. e4 d5 2. exd5 Qxd5 3. Nc3 Qd6 4. d4 Nf6 5. Nf3 a6 6. g3 Bg4 7. h3 Bh5 8. Bg2 Nc6 9. d5 Nb4 10. Bf4 Qc5 11. Be3 Qd6 12. Qe2 Nbxd5 13. Nxd5 Qxd5 14. O-O Qb5 15. c4 Qd7 16. Rad1 Qc8 17. g4 Nxg4 18. hxg4 Bxg4 19. Bf4 e6 20. Qe5 f6 21. Qxc7 Qxc7 22. Bxc7 Rc8 23. Bb6 e5 24. b3 Bc5 25. Bxc5 Rxc5 26. Rd6 Ke7 27. Rb6 Rc7 28. Nh2 Bc8 29. Rd1 Rd8 30. Rxd8 Kxd8 31. Bd5 Ke7 32. a4 g6 33. a5 Rd7 34. Kg2 Rc7 35. b4 Rd7 36. Nf3 Rc7 37. Kg3 g5 38. Nd2 f5 39. Rh6 Kf8 40. Nf3 Kg7 41. Rb6 e4 42. Nxg5 Re7 43. Kf4 h6 44. Ne6+ Bxe6 45. Bxe6 Rc7 46. c5 h5 47. Bxf5 h4 48. Bxe4 1-0


[Site "https://www.chess.com"]

[Event "Titled Tuesday Blitz September 28 2021"]
[White "Weetik, Vjacheslav"]
[Black "Sychev, Klementy"]
[WhiteFideId "4153472"]
[BlackFideId "4114060"]
[WhiteElo "2469"]
[BlackElo "2615"]
[Result "1/2-1/2"]
[Round "10"]
[TimeControl "180+1"]
[Date "2021.09.28"]
[WhiteClock "0:00:04"]
[BlackClock "0:00:07"]

1. d4 Nf6 2. Bf4 d5 3. e3 g6 4. Nc3 Bg7 5. Nf3 O-O 6. Be2 c5 7. dxc5 Nbd7 8. O-O Nxc5 9. h3 Be6 10. a4 Nfe4 11. Nxe4 Nxe4 12. c3 Qb6 13. Qc2 Rac8 14. a5 Qc5 15. Rfd1 Rfd8 16. a6 b5 17. Nd4 Bd7 18. Bh2 b4 19. Bf3 bxc3 20. Bxe4 cxb2 21. Qxb2 dxe4 22. Rac1 Qa5 23. Qb7 e5 24. Nb3 Rxc1 25. Rxc1 Qa4 26. Bg3 Bb5 27. Nc5 Qa3 28. Rb1 Qxc5 29. Qxb5 Qxb5 30. Rxb5 Rd6 31. Rb8+ Bf8 32. Bxe5 Rxa6 33. Bf4 Kg7 34. Be5+ f6 35. Rb7+ Kg8 36. Bd4 Ra4 37. Bxa7 f5 38. g4 Ra6 39. gxf5 gxf5 40. Bd4 Rg6+ 41. Kf1 h5 42. h4 Re6 43. Rb5 Be7 44. Rxf5 Bxh4 45. Rxh5 Be7 46. Ke2 Kf7 47. Rh7+ Ke8 48. Rh5 Kf8 49. Rf5+ Ke8 50. Be5 Kd7 51. Bf4 Ke8 52. Rd5 Bf6 53. f3 exf3+ 54. Kxf3 Kf7 55. Kg4 Rc6 56. Kf5 Be7 57. e4 Rc5 58. Rxc5 Bxc5 59. e5 Bd4 60. e6+ Ke8 61. Ke4 Bb2 62. Kd5 Ba3 63. Bg5 Bb2 64. Bh4 Bc3 65. e7 Kd7 66. e8=Q+ Kxe8 1/2-1/2


[Site "https://www.chess.com"]

[Event "Titled Tuesday Blitz September 28 2021"]
[White "Yakubboev, Nodirbek"]
[Black "Onyshchuk, Volodymyr"]
[WhiteFideId "14203987"]
[BlackFideId "14114038"]
[WhiteElo "2464"]
[BlackElo "2603"]
[Result "1-0"]
[Round "10"]
[TimeControl "180+1"]
[Date "2021.09.28"]
[WhiteClock "0:00:19"]
[BlackClock "0:00:12"]

1. d4 d6 2. e4 Nf6 3. Nc3 g6 4. f4 Bg7 5. Nf3 O-O 6. Be3 b6 7. e5 Ng4 8. Bg1 Bb7 9. Qe2 c5 10. O-O-O cxd4 11. Nxd4 Nh6 12. Ne4 Nc6 13. g4 Nxd4 14. Bxd4 Nxg4 15. Bg2 Nh6 16. exd6 Bxd4 17. Rxd4 Nf5 18. Rd2 exd6 19. Nxd6 Nxd6 20. Bxb7 Rb8 21. Bd5 Qf6 22. Qe5 Kg7 23. Bb3 Qxe5 24. fxe5 Ne4 25. Rd7 a5 26. Rf1 Nc5 27. Rdxf7+ Rxf7 28. Rxf7+ Kh6 29. e6 Re8 30. e7 Nxb3+ 31. axb3 Kg5 32. Kd2 h5 33. Ke3 Kg4 34. Ke4 g5 35. Rg7 h4 36. Ke5 Kh3 37. Kd6 g4 38. Kd7 Rh8 39. e8=Q Rxe8 40. Kxe8 1-0


[Site "https://www.chess.com"]

[Event "Titled Tuesday Blitz September 28 2021"]
[White "Yeletsky, Ivan"]
[Black "Vlassov, Nikolai"]
[WhiteFideId "24180327"]
[BlackFideId "4103360"]
[WhiteElo "2344"]
[BlackElo "2407"]
[Result "1-0"]
[Round "10"]
[TimeControl "180+1"]
[Date "2021.09.28"]
[WhiteClock "0:00:57"]
[BlackClock "0:01:12"]

1. e4 Nc6 2. Bb5 Nf6 3. d3 e5 4. Bxc6 dxc6 5. Nc3 Bd6 6. Nge2 O-O 7. O-O Nd7 8. f4 f6 9. f5 c5 10. b3 Nb8 11. g4 Nc6 12. Ng3 Bd7 13. h4 Nd4 14. Kh2 b5 15. Rg1 c4 16. g5 Kh8 17. g6 h6 18. Qh5 Kg8 19. Bxh6 gxh6 20. Qxh6 Qe7 21. g7 Nf3+ 22. Kh1 Qxg7 23. Nh5 Qxg1+ 24. Rxg1+ Kf7 25. Rg7+ Ke8 26. Nxf6+ Rxf6 27. Qxf6 1-0


[Site "https://www.chess.com"]

[Event "Titled Tuesday Blitz September 28 2021"]
[White "Zhigalko, Sergei"]
[Black "Quintiliano Pinto, Renato R."]
[WhiteFideId "13502956"]
[BlackFideId "2117568"]
[WhiteElo "2662"]
[BlackElo "2439"]
[Result "1-0"]
[Round "10"]
[TimeControl "180+1"]
[Date "2021.09.28"]
[WhiteClock "0:00:04"]
[BlackClock "0:00:11"]

1. e4 c5 2. Nf3 d6 3. d4 cxd4 4. Qxd4 Nc6 5. Bb5 Bd7 6. Bxc6 Bxc6 7. Nc3 Nf6 8. Bg5 e6 9. O-O-O Be7 10. Rhe1 O-O 11. Kb1 Re8 12. Qd3 d5 13. e5 Ne4 14. Bxe7 Qxe7 15. Qe3 Nxc3+ 16. Qxc3 Rec8 17. Nd4 Bd7 18. Qe3 Rc4 19. f4 Rac8 20. g4 g6 21. Rd2 Qh4 22. Rg1 Re8 23. b3 Rc7 24. Rg3 Qe7 25. Re2 a6 26. f5 exf5 27. gxf5 Bb5 28. f6 Qc5 29. Rh3 Qf8 30. Rf2 Bd7 31. Rh4 Rec8 32. Rf3 Rc3 33. Qxc3 Rxc3 34. Rxc3 Qb4 35. Kb2 Qf8 36. Rc7 Qd8 37. Rxb7 h5 38. Rf4 Bg4 39. e6 Bxe6 40. Nxe6 fxe6 41. Rg7+ Kh8 42. Rxg6 Qd6 43. Rf1 Qe5+ 44. Kb1 Qe4 45. Rgg1 1-0


[Site "https://www.chess.com"]

[Event "Titled Tuesday Blitz September 28 2021"]
[White "Zubov, Alexander"]
[Black "Aitbayev, Aslan"]
[WhiteFideId "14109409"]
[BlackFideId "13704613"]
[WhiteElo "2740"]
[BlackElo "2417"]
[Result "1-0"]
[Round "10"]
[TimeControl "180+1"]
[Date "2021.09.28"]
[WhiteClock "0:00:06"]
[BlackClock "0:00:02"]

1. d4 d5 2. c4 c6 3. Nf3 Nf6 4. Nc3 e6 5. Bg5 Nbd7 6. e3 Qa5 7. cxd5 Nxd5 8. Qd2 Bb4 9. Rc1 b6 10. a3 Bxc3 11. bxc3 h6 12. Bh4 c5 13. Bd3 Ba6 14. c4 Qxd2+ 15. Nxd2 Ne7 16. f3 Nc6 17. Nb3 Rc8 18. Ke2 cxd4 19. exd4 e5 20. d5 Nd8 21. Kd2 Nb7 22. Rhe1 f6 23. Bf2 Ndc5 24. Nxc5 Nxc5 25. Bxc5 Rxc5 26. f4 O-O 27. fxe5 fxe5 28. Rxe5 Rf2+ 29. Re2 Rxe2+ 30. Bxe2 Kf8 31. Ke3 Ke7 32. Kd4 Ra5 33. Rc3 Bc8 34. h4 Bf5 35. Re3+ Kd6 36. h5 Rc5 37. Rg3 Rc7 38. Bg4 Bb1 39. Be2 Re7 40. Bd3 Bxd3 41. Rxd3 Re5 42. Rg3 Rxh5 43. Rg6+ Kc7 44. Rxg7+ Kd6 45. Rg6+ Kc7 46. g4 Rh3 47. Rg7+ Kd6 48. Rg6+ Kc7 49. a4 1-0


[Site "https://www.chess.com"]

[Event "Titled Tuesday Blitz September 28 2021"]
[White "ketster"]
[Black "Bach, Ngoc Thuy Duong"]
[BlackFideId "12408956"]
[WhiteElo "2558"]
[BlackElo "1896"]
[Result "0-1"]
[Round "10"]
[TimeControl "180+1"]
[Date "2021.09.28"]
[WhiteClock "0:00:02"]
[BlackClock "0:00:05"]

1. d4 d5 2. c4 e6 3. Nc3 c6 4. Nf3 dxc4 5. e4 b5 6. a4 Bb4 7. Bg5 f6 8. Bd2 a5 9. axb5 Bxc3 10. Bxc3 cxb5 11. Bd2 Bb7 12. Qb1 Nc6 13. b3 Nxd4 14. bxc4 b4 15. Be3 e5 16. Bxd4 exd4 17. Qd1 Ne7 18. Nxd4 Bxe4 19. Qh5+ Bg6 20. Qb5+ Kf7 21. Rd1 Qb8 22. Be2 Rd8 23. O-O Qe5 24. Nf3 Qxb5 25. cxb5 Kf8 26. Nd4 Bf7 27. Bf3 Rab8 28. Nc6 Nxc6 29. Bxc6 b3 30. Ra1 b2 31. Rab1 Bc4 32. Rfe1 Bxb5 33. Be4 Bc4 34. Bf5 a4 35. Re3 Ba2 36. Ra3 Bxb1 37. Bxb1 Rd1# 0-1


[Site "https://www.chess.com"]

[Event "Titled Tuesday Blitz September 28 2021"]
[White "Aitbayev, Aslan"]
[Black "Weetik, Vjacheslav"]
[WhiteFideId "13704613"]
[BlackFideId "4153472"]
[WhiteElo "2417"]
[BlackElo "2469"]
[Result "1-0"]
[Round "11"]
[TimeControl "180+1"]
[Date "2021.09.28"]
[WhiteClock "0:01:29"]
[BlackClock "0:00:14"]

1. e4 c6 2. d4 d5 3. e5 Bf5 4. Nd2 e6 5. Nb3 Nd7 6. Nf3 h6 7. Be2 Ne7 8. O-O Qc7 9. Bd2 g5 10. a4 Bg7 11. Bb4 Ng6 12. Bd6 Qd8 13. a5 Nf4 14. a6 b6 15. Ne1 Bf8 16. Bxf8 Kxf8 17. Bg4 Bxg4 18. Qxg4 h5 19. Qd1 c5 20. Nd3 Nxd3 21. cxd3 cxd4 22. Re1 Kg7 23. Nxd4 Nf8 24. Rc1 Ng6 25. Nc6 Qd7 26. Qf3 Rac8 27. Qf6+ Kh7 28. Nd4 Qe7 29. Qf3 g4 30. Qe3 Rc5 31. b4 Rxc1 32. Rxc1 Qxb4 33. h3 gxh3 34. Rc7 1-0


[Site "https://www.chess.com"]

[Event "Titled Tuesday Blitz September 28 2021"]
[White "Al-Tarboush, Ward"]
[Black "Quirke, Jeffrey"]
[WhiteFideId "7601450"]
[BlackFideId "2013029"]
[WhiteElo "2319"]
[BlackElo "2263"]
[Result "1-0"]
[Round "11"]
[TimeControl "180+1"]
[Date "2021.09.28"]
[WhiteClock "0:01:10"]
[BlackClock "0:00:02"]

1. e4 c6 2. Nf3 d5 3. Nc3 Bg4 4. h3 Bh5 5. g4 Bg6 6. d3 e6 7. Qe2 Nf6 8. Bg5 Be7 9. e5 Nfd7 10. Bxe7 Qxe7 11. h4 h5 12. Bh3 a6 13. O-O-O c5 14. Ng5 Nb6 15. f4 hxg4 16. Bxg4 Nc6 17. h5 Bf5 18. Bxf5 Nd4 19. Qg4 Nxf5 20. Rdg1 O-O-O 21. Nf3 Rh7 22. Ng5 Rh6 23. a4 a5 24. Nb5 Nxa4 25. Nf3 Nb6 26. Nd6+ Nxd6 27. exd6 Qxd6 28. Ne5 Rf8 29. Qxg7 Rhh8 30. Kb1 Qe7 31. Ng6 1-0


[Site "https://www.chess.com"]

[Event "Titled Tuesday Blitz September 28 2021"]
[White "Assaubayeva, Bibisara"]
[Black "Bluebaum, Matthias"]
[WhiteFideId "13708694"]
[BlackFideId "24651516"]
[WhiteElo "2704"]
[BlackElo "2909"]
[Result "1/2-1/2"]
[Round "11"]
[TimeControl "180+1"]
[Date "2021.09.28"]
[WhiteClock "0:01:03"]
[BlackClock "0:00:15"]

1. d4 d5 2. c4 e6 3. Nc3 Nf6 4. cxd5 exd5 5. Bg5 c6 6. e3 h6 7. Bh4 Bf5 8. Qf3 Be6 9. Bxf6 Qxf6 10. Qxf6 gxf6 11. Bd3 a5 12. Nge2 a4 13. Nf4 a3 14. b3 Na6 15. Bxa6 Rxa6 16. Ke2 Bd6 17. Nd3 Ra8 18. Na4 Rg8 19. g3 Bf5 20. Rac1 h5 21. h4 Bg4+ 22. Kd2 Bf3 23. Rhg1 Ke7 24. Ndc5 Ra7 25. Nc3 f5 26. Ne2 b6 27. Nd3 Rc7 28. Nef4 Rgc8 29. b4 c5 30. bxc5 bxc5 31. dxc5 Bxc5 32. Nxc5 Rxc5 33. Rxc5 Rxc5 34. Rc1 Rb5 35. Nd3 Be4 36. Rc3 Rb2+ 37. Rc2 Rb1 38. Rc3 Rb2+ 39. Rc2 Rb1 40. Rc3 Rb2+ 1/2-1/2


[Site "https://www.chess.com"]

[Event "Titled Tuesday Blitz September 28 2021"]
[White "Avila Pavas, Santiago"]
[Black "Berezin, Viktor"]
[WhiteFideId "4437128"]
[BlackFideId "14107872"]
[WhiteElo "2292"]
[BlackElo "2310"]
[Result "1-0"]
[Round "11"]
[TimeControl "180+1"]
[Date "2021.09.28"]
[WhiteClock "0:00:35"]
[BlackClock "0:00:09"]

1. d4 Nf6 2. c4 g6 3. Nc3 Bg7 4. e4 d6 5. Nf3 O-O 6. h3 Nc6 7. Be3 e5 8. d5 Ne7 9. g4 Ne8 10. Bd3 f5 11. gxf5 gxf5 12. Qe2 f4 13. Bd2 c5 14. O-O-O Kh8 15. Rdg1 a6 16. Ng5 Nc7 17. Nxh7 Kxh7 18. Qh5+ Bh6 19. Be2 Qe8 20. Qh4 Ng6 21. Qh5 Ne7 22. Qh4 Ng6 23. Qh5 Rf6 24. Bg4 Qf7 25. Rg2 b5 26. Rhg1 Bxg4 27. hxg4 Ne7 28. Qh3 Rg8 29. g5 Rfg6 30. gxh6 Rxh6 31. Rh1 Rg6 32. Rgh2 bxc4 33. Qxh6+ Rxh6 34. Rxh6+ Kg7 35. Rh7+ Kf6 36. Rxf7+ Kxf7 37. Rh7+ Kf8 38. f3 Ne8 39. Be1 Nf6 40. Rxe7 Kxe7 41. Bh4 Kf7 42. Bxf6 Kxf6 43. Na4 Kg5 44. Kd2 Kh4 45. Nb6 Kg3 46. Ke2 Kg2 1-0


[Site "https://www.chess.com"]

[Event "Titled Tuesday Blitz September 28 2021"]
[White "Azarov, Sergei"]
[Black "Yakubboev, Nodirbek"]
[WhiteFideId "13501470"]
[BlackFideId "14203987"]
[WhiteElo "2813"]
[BlackElo "2971"]
[Result "0-1"]
[Round "11"]
[TimeControl "180+1"]
[Date "2021.09.28"]
[WhiteClock "0:00:07"]
[BlackClock "0:00:53"]

1. e4 c6 2. d4 d5 3. e5 Bf5 4. Nf3 e6 5. Be2 Nd7 6. O-O h6 7. Nbd2 Qc7 8. Nb3 Ne7 9. a4 a5 10. Bd2 g5 11. Ne1 c5 12. dxc5 Nc6 13. Bd3 Nxc5 14. Nxc5 Bxc5 15. Bxf5 exf5 16. Nd3 Bb6 17. c3 O-O-O 18. Qf3 f4 19. Rfe1 Rhe8 20. Qh3+ Qd7 21. Qxh6 Qf5 22. Nxf4 gxf4 23. Qxf4 Qxf4 24. Bxf4 Bc7 25. Re3 Bxe5 26. Rae1 f6 27. Bg3 Kd7 28. h4 Bxg3 29. fxg3 Rxe3 30. Rxe3 Ne5 31. Re2 Rg8 32. Kh2 Ke6 33. Kh3 f5 34. Rf2 Ng4 35. Re2+ Kf6 36. Rd2 Re8 37. Rd1 Nf2+ 0-1


[Site "https://www.chess.com"]

[Event "Titled Tuesday Blitz September 28 2021"]
[White "Bach, Ngoc Thuy Duong"]
[Black "Langrock, Hannes"]
[WhiteFideId "12408956"]
[BlackFideId "4655290"]
[WhiteElo "1896"]
[BlackElo "2325"]
[Result "0-1"]
[Round "11"]
[TimeControl "180+1"]
[Date "2021.09.28"]
[WhiteClock "0:00:06"]
[BlackClock "0:00:07"]

1. d4 f5 2. c4 Nf6 3. Nc3 d6 4. Nf3 g6 5. Bf4 Bg7 6. e3 O-O 7. Be2 Nc6 8. d5 e5 9. dxc6 exf4 10. cxb7 Bxb7 11. exf4 Ne4 12. Nd5 c6 13. Ne3 Bxb2 14. Rb1 Nc3 15. Qc2 Nxb1 16. Qxb2 Qa5+ 17. Kf1 Qb6 18. Qc1 Rab8 19. g3 c5 20. Kg2 Be4 21. Rd1 Qb2 22. Qxb2 Rxb2 23. Bd3 Nc3 24. Bxe4 Nxe4 25. Rf1 Rxa2 26. Nd5 Rb8 27. Ng5 Rbb2 28. Nxe4 fxe4 29. Ne3 Re2 30. Kh3 a5 31. Kg4 Rxf2 32. Rd1 Rfd2 33. Rb1 Rdb2 34. Rd1 Rb6 35. Nd5 Ra6 36. Nf6+ Kg7 37. Nxe4 a4 38. Nxd6 a3 39. Nb5 Rxh2 40. Rd7+ Kh6 41. Nd6 a2 42. Nf7+ Kg7 43. Ng5+ Kf8 44. Rf7+ Ke8 45. Rxh7 Rxh7 46. Nxh7 a1=Q 0-1


[Site "https://www.chess.com"]

[Event "Titled Tuesday Blitz September 28 2021"]
[White "Balabayeva, Xeniya"]
[Black "Harshavardhan G B"]
[WhiteFideId "13719688"]
[BlackFideId "25059009"]
[WhiteElo "1965"]
[BlackElo "1825"]
[Result "0-1"]
[Round "11"]
[TimeControl "180+1"]
[Date "2021.09.28"]
[WhiteClock "0:00:02"]
[BlackClock "0:00:46"]

1. e4 e5 2. Nf3 Nc6 3. Nc3 Nf6 4. Bb5 Nd4 5. Bc4 Bc5 6. d3 d6 7. Nxd4 Bxd4 8. Rb1 Ng4 9. Qf3 O-O 10. O-O Qh4 11. h3 Nf6 12. Ne2 Bb6 13. Be3 Be6 14. Ng3 c6 15. Bb3 d5 16. Bxb6 axb6 17. Rbe1 Rfe8 18. exd5 Bxd5 19. Bxd5 Nxd5 20. Re4 Qf6 21. Qd1 Rxa2 22. c4 Nf4 23. Qb3 Ra6 24. Rfe1 h5 25. d4 h4 26. dxe5 Qg5 27. Qf3 hxg3 28. Rxf4 gxf2+ 29. Qxf2 Rxe5 30. Rxe5 Qxe5 31. g3 Ra1+ 32. Kg2 Rb1 33. Kf3 Rxb2 34. Qe3 Qxe3+ 35. Kxe3 Rb3+ 36. Kf2 b5 37. cxb5 Rxb5 38. Rd4 g6 39. Rd7 Rb3 40. Rd6 c5 41. g4 c4 42. Rd4 b5 43. Rd5 b4 44. Rc5 c3 45. h4 Rb1 46. Ke3 Rh1 47. Rc4 b3 48. Rxc3 b2 0-1


[Site "https://www.chess.com"]

[Event "Titled Tuesday Blitz September 28 2021"]
[White "Bazarov, Konstantin"]
[Black "Solon, Nathan"]
[WhiteFideId "4137000"]
[BlackFideId "2017229"]
[WhiteElo "2035"]
[BlackElo "2677"]
[Result "1-0"]
[Round "11"]
[TimeControl "180+1"]
[Date "2021.09.28"]
[WhiteClock "0:00:08"]
[BlackClock "0:00:07"]

1. d4 d5 2. c4 dxc4 3. Nf3 a6 4. a4 Nf6 5. e3 Bg4 6. Bxc4 e6 7. Nbd2 Nc6 8. Be2 Bb4 9. O-O O-O 10. Nc4 Qe7 11. Qc2 Rfd8 12. b3 Rac8 13. Bb2 Na5 14. Nxa5 Bxa5 15. Ba3 Bb4 16. Bxb4 Qxb4 17. Rfc1 Bf5 18. Qc4 Nd5 19. Qxb4 Nxb4 20. Rc4 a5 21. Ne1 Be4 22. f3 Bd5 23. Rc3 b6 24. Kf2 c5 25. e4 Bb7 26. dxc5 bxc5 27. Ke3 f5 28. Nd3 fxe4 29. fxe4 Nxd3 30. Bxd3 Rc7 31. Rac1 Rdc8 32. Rf1 Rf8 33. Rfc1 Rfc8 34. g3 Kf8 35. Kf4 Ke7 36. Ke5 Rc6 37. Bb5 R6c7 38. Rf1 Bc6 39. Rxc5 Bxb5 40. Rxb5 Rc5+ 41. Rxc5 Rxc5+ 42. Kd4 Kd6 43. Rf8 e5+ 44. Kd3 Rc7 45. Rd8+ Ke6 46. Rd5 Rb7 47. Kc3 Rc7+ 48. Kb2 Rf7 49. Rxa5 Rf2+ 50. Ka3 Rxh2 51. Rc5 Rg2 52. Rc3 g5 53. a5 Rg1 54. b4 h5 55. b5 h4 56. gxh4 gxh4 57. Kb4 Rg3 58. Rc1 h3 59. a6 h2 60. Rh1 Rg2 61. a7 Ra2 62. b6 Kd6 63. Kb5 1-0


[Site "https://www.chess.com"]

[Event "Titled Tuesday Blitz September 28 2021"]
[White "Chernomordik, Pavel"]
[Black "ketster"]
[WhiteFideId "2804530"]
[WhiteElo "2256"]
[BlackElo "2547"]
[Result "1/2-1/2"]
[Round "11"]
[TimeControl "180+1"]
[Date "2021.09.28"]
[WhiteClock "0:00:03"]
[BlackClock "0:00:06"]

1. e4 e5 2. Nf3 Nc6 3. Bb5 a6 4. Ba4 Nf6 5. Qe2 Qe7 6. c3 g6 7. d3 Bg7 8. Nbd2 O-O 9. Nf1 b5 10. Bc2 d5 11. Ne3 dxe4 12. dxe4 Rd8 13. h3 Bb7 14. O-O Na5 15. Ng4 Nxg4 16. hxg4 Nc4 17. a4 Qd7 18. b3 Nd6 19. g5 Qc6 20. axb5 axb5 21. Rxa8 Rxa8 22. c4 bxc4 23. Nd2 c3 24. Nf3 Nxe4 25. Re1 Nd6 26. Be3 Ra2 27. Qd1 Bf8 28. Qb1 Rb2 29. Qd1 Nf5 30. Bc1 Nd4 31. Bxb2 cxb2 32. Be4 Qxe4 33. Rxe4 Bxe4 34. Nd2 Bc2 35. Qe1 Bb4 36. Qxe5 Bxd2 37. Qe8+ Kg7 38. Qe5+ Kf8 39. Qh8+ Ke7 40. Qf6+ Ke8 41. Qe5+ Kf8 42. Qh8+ Ke7 43. Qe5+ Kf8 1/2-1/2


[Site "https://www.chess.com"]